Map: Catallena LE (Void)

Players

Juxtapose

  • Race: Protoss Protoss
  • League: Gold
  • Spawn Location: 9:00

JackDawg - Winner!

  • Race: Terran Terran
  • League: Gold
  • Spawn Location: 12:00

VOD

https://youtu.be/jZkUiqIV5Zc

Description

My opponent is very good at harassing which was frustrating to deal with. If I would have had Blink when I first went to attack his main, I could have circumvented his defending Liberators and I likely would have taken the match then and there, but it was not to be.

Time

  • Played on: Oct. 23, 2017, 4:01 p.m.
  • Length: 19:45
Show
View Real Time Build Order
Export as new Build Order

Juxtapose Protoss 

Build Orders: Oracle Opening 

Get SALT Encoding   

  12  0:01  Probe (Chrono Boost)  
  13  0:12  Probe (Chrono Boost)  
  14  0:19  Pylon  
  14  0:23  Probe (Chrono Boost)  
  15  0:38  Probe (Chrono Boost)  
  15  0:41  Gateway  
  16  0:48  Probe (Chrono Boost)  
  17  0:59  Probe (Chrono Boost)  
  17  1:00  Assimilator  
  18  1:09  Probe (Chrono Boost)  
  19  1:14  Assimilator  
  19  1:20  Probe (Chrono Boost)  
  20  1:30  Zealot, Probe (Chrono Boost)  
  23  1:38  Cybernetics Core  
  23  1:45  Pylon  
  23  1:49  Pylon  
  23  2:04  Probe (Chrono Boost)  
  24  2:12  Pylon  
  24  2:14  Probe (Chrono Boost), Stargate  
  25  2:25  Probe (Chrono Boost)  
  26  2:32  Warp Gate  
  26  2:58  Oracle (Chrono Boost)  
  29  3:13  Adept  
  29  4:04  Gateway x2  
  29  4:05  Mothership Core  
  28  4:48  Adept  
  30  5:23  Nexus, Pylon  
  30  5:25  Pylon  
  30  5:30  Pylon  
  30  5:34  Pylon  
  30  5:43  Forge  
  30  5:45  Twilight Council  
  30  5:51  Robotics Facility  
  30  5:52  Pylon  
  30  5:58  Pylon  
  30  6:00  Probe  
  31  6:05  Stalker  
  31  6:06  Stalker x2  
  37  6:13  Probe  
  38  6:19  Photon Cannon  
  38  6:22  Photon Cannon  
  38  6:25  Probe  
  32  6:37  Probe  
  34  6:47  Observer  
  34  6:48  Stalker  
  34  6:49  Probe  
  37  6:54  Probe  
  38  7:03  Zealot  
  38  7:07  Warp Prism  
  42  7:09  Probe  
  42  7:10  Probe  
  44  7:31  Probe  
  44  7:32  Probe  
  46  7:41  Stalker x2  
  46  7:42  Probe  
  51  7:45  Probe  
  52  7:52  Probe  
  52  7:55  Zealot  
  51  7:59  Resonating Glaives  
  51  8:03  Probe  
  41  8:14  Stalker  
  41  8:16  Probe  
  44  8:27  Probe  
  44  8:28  Probe  
  46  8:37  Probe  
  46  8:40  Probe  
  48  8:49  Probe  
  48  8:53  Probe  
  50  8:59  Probe  
  51  9:05  Probe  
  52  9:12  Probe  
  52  9:16  Adept  
  56  9:17  Probe  
  56  9:22  Probe  
  56  9:27  Adept x2  
  56  9:29  Probe  
  62  9:33  Probe  
  60  9:56  Adept x2  
  60  9:57  Probe, Adept  
  60  9:59  Probe  
  68  10:08  Probe  
  68  10:11  Probe  
  38  10:39  Mothership Core  
  40  10:45  Assimilator  
  40  10:46  Protoss Ground Weapons Level 1  
  40  10:47  Stalker x3, Assimilator  
  46  10:55  Observer  
  47  10:58  Blink (Chrono Boost)  
  47  11:00  Probe  
  48  11:12  Probe  
  48  11:17  Immortal  
  48  11:18  Probe  
  54  11:26  Robotics Bay  
  54  11:30  Probe  
  55  11:36  Adept  
  55  11:37  Adept x2  
  61  11:42  Probe  
  62  11:54  Probe  
  62  11:56  Immortal  
  59  12:10  Phoenix (Chrono Boost)  
  59  12:17  Stalker x3  
  59  12:22  Probe  
  66  12:32  Phoenix (Chrono Boost)  
  66  12:34  Nexus, Probe  
  66  12:35  Pylon, Immortal  
  73  12:37  Pylon  
  73  12:41  Pylon  
  72  12:46  Stalker  
  72  12:47  Stalker  
  75  12:56  Void Ray (Chrono Boost)  
  63  13:24  Stalker x3  
  69  13:32  Probe  
  70  13:44  Probe  
  71  13:50  Probe  
  72  13:56  Probe  
  72  14:00  Probe  
  72  14:01  Probe  
  75  14:11  Probe  
  75  14:12  Probe  
  77  14:22  Probe  
  78  14:30  Probe  
  79  14:32  Probe  
  80  14:42  Probe  
  80  14:43  Probe  
  82  14:53  Assimilator  
  82  14:54  Probe x2  
  82  14:57  Assimilator  
  82  14:58  Adept x3  
  83  15:19  Warp Prism  
  79  16:00  Nexus  
  79  16:03  Assimilator  
  79  16:07  Assimilator  
  36  16:39  Mothership Core  
  34  16:49  Void Ray (Chrono Boost)  
  38  17:02  Probe x2  
  40  17:14  Probe  
  41  17:17  Probe  
  41  17:18  Probe  
  43  17:26  Probe  
  35  17:48  Pylon  
  35  17:51  Pylon  
  35  17:57  Void Ray (Chrono Boost)  
  39  18:01  Probe  
  40  18:12  Probe  
  41  18:28  Probe  
  42  18:39  Probe  
  43  18:50  Probe  
  44  18:59  Nexus  
  44  19:00  Probe  
  44  19:01  Pylon  
  45  19:03  Pylon  
  45  19:08  Stalker x2  
  49  19:31  Pylon  
Show
View Real Time Build Order
Export as new Build Order

JackDawg Terran - Winner!

Build Orders:  

Get SALT Encoding   

  12  0:01  SCV  
  13  0:16  Supply Depot  
  13  0:25  SCV  
  14  0:32  Refinery  
  14  0:37  SCV  
  15  0:46  Barracks  
  15  0:51  SCV  
  16  1:05  Supply Depot  
  16  1:16  Supply Depot  
  15  1:44  Reaper  
  16  1:49  Orbital Command  
  16  1:51  Refinery  
  16  2:18  Factory  
  16  2:25  SCV  
  16  2:27  Marine  
  18  2:37  SCV  
  19  2:49  SCV  
  20  3:01  SCV  
  21  3:13  SCV  
  22  3:31  Widow Mine  
  24  3:35  Marine  
  24  3:39  Engineering Bay  
  25  3:43  Starport  
  25  3:53  Marine  
  25  3:54  SCV  
  27  4:05  Widow Mine  
  27  4:06  SCV  
  30  4:16  Command Center  
  30  4:18  SCV  
  30  4:30  SCV  
  31  4:33  Supply Depot  
  31  4:36  Medivac  
  29  4:44  Widow Mine  
  29  4:46  SCV  
  30  4:58  SCV  
  30  5:10  SCV  
  30  5:12  Missile Turret  
  31  5:27  Liberator  
  31  5:35  Widow Mine, Missile Turret  
  31  5:36  SCV  
  31  5:40  Orbital Command  
  34  5:48  SCV  
  38  6:00  SCV  
  35  6:51  Widow Mine  
  37  6:55  Missile Turret, Marine  
  38  7:13  Marine  
  38  7:29  Widow Mine  
  40  7:31  Marine  
  37  8:12  Marine  
  35  8:20  Command Center  
  35  8:22  Factory Tech Lab  
  35  8:24  Starport Reactor  
  35  8:27  Orbital Command  
  35  8:28  Barracks  
  35  8:30  Marine  
  36  8:43  Liberator  
  36  8:44  Liberator  
  36  8:58  Siege Tank  
  36  9:00  Barracks Tech Lab  
  45  9:04  SCV  
  45  9:06  SCV  
  45  9:09  Starport  
  47  9:14  Armory, Terran Infantry Armor Level 1  
  47  9:16  SCV  
  48  9:17  Barracks Reactor  
  48  9:19  Stimpack, SCV  
  49  9:25  Barracks  
  49  9:28  SCV  
  49  9:31  SCV  
  51  9:33  Orbital Command  
  51  9:34  Missile Turret  
  49  9:40  SCV  
  45  9:52  SCV  
  44  10:10  Supply Depot  
  44  10:12  Siege Tank  
  44  10:13  Marine x2  
  44  10:14  Marine x2  
  44  10:28  Orbital Command  
  42  10:44  Siege Tank  
  42  10:49  Marine x2, Barracks Reactor  
  48  11:10  Starport Reactor, Liberator x2  
  47  11:19  SCV  
  47  11:20  Combat Shields  
  48  11:25  Siege Tank  
  48  11:31  SCV  
  58  11:43  SCV  
  58  11:44  Liberator x2  
  58  11:47  Refinery  
  59  11:54  Refinery  
  59  11:55  SCV  
  59  11:57  Marine x3  
  59  11:58  Marine x2  
  65  12:07  SCV  
  72  12:15  Marine x4  
  73  12:16  Marine  
  77  12:38  Medivac x2, Marine x4  
  85  12:50  Marine  
  86  12:56  Marine x4  
  87  13:08  Orbital Command, Marine  
  85  13:14  Marine x4  
  89  13:26  Marine  
  90  13:29  Terran Infantry Armor Level 2  
  90  13:32  Marine x4  
  90  13:33  Terran Vehicle Weapons Level 1  
  90  13:34  Engineering Bay  
  88  13:44  Marine  
  88  13:45  SCV  
  90  13:50  Marine x2  
  92  13:57  SCV  
  93  14:11  Missile Turret  
  93  14:20  Refinery  
  93  14:28  Refinery  
  93  14:32  Supply Depot  
  93  14:54  SCV x2, Marine x5  
  93  14:56  Supply Depot  
  100  15:06  SCV  
  101  15:17  Marine  
  101  15:18  SCV  
  103  15:21  Marine x2  
  103  15:22  Marine x2  
  107  15:35  Marine  
  107  15:39  Marine x3  
  92  15:50  Medivac x2  
  92  15:51  Medivac x2  
  100  15:58  Siege Tank, Missile Turret  
  103  16:04  Marine x3  
  89  16:30  Siege Tank  
  82  16:41  SCV  
  83  16:51  Marine x3  
  83  16:52  Marine x2  
  83  16:53  SCV  
  89  16:55  Terran Infantry Armor Level 3  
  89  16:58  Terran Infantry Weapons Level 1  
  89  17:01  Supply Depot  
  89  17:05  SCV  
  90  17:09  Barracks, Marine x4  
  90  17:10  Marine  
  95  17:16  Missile Turret  
  95  17:27  Marine  
  96  17:30  Marine x3  
  96  17:31  Marine  
  100  17:38  Missile Turret  
  97  17:44  Marine  
  97  17:48  Marine x4  
  99  17:57  Missile Turret  
  99  17:59  Barracks Reactor  
  99  18:02  Barracks, Marine  
  99  18:04  Medivac x2  
  99  18:05  Medivac x2  
  108  18:06  Marine x4  
  108  18:11  SCV  
  113  18:20  Marine, Supply Depot  
  113  18:23  SCV  
  113  18:24  Marine x2  
  117  18:40  Missile Turret  
  117  18:41  SCV, Marine x4  
  117  18:42  Marine  
  117  18:43  Supply Depot  
  117  18:44  Marine x2  
  125  18:53  Barracks Reactor  
  125  18:54  SCV  
  126  18:59  Medivac x2, Marine x3  
  126  19:00  Missile Turret  
  133  19:04  Marine x4  
  133  19:06  SCV  
  133  19:07  Supply Depot x2  
  138  19:17  Marine x3  
  138  19:22  Marine x4  
  145  19:24  Missile Turret  
Tags
 
Add a new tag
Caveats
  • Supply blocks, unpowered buildings, or Contaminate may cause inaccurate times.
  • Supply counts are checked every 10 seconds.